[Event "Live Chess"]
[Site "Chess.com"]
[Date "2023.05.20"]
[Round "-"]
[White "SirEntrails"]
[Black "Reggie016"]
[Result "0-1"]
[WhiteElo "535"]
[BlackElo "1070"]
[TimeControl "300"]
[EndTime "13:38:36 PDT"]
[Termination "Reggie016 won by checkmate"]

1. e4 e6 2. Nf3 d5 3. Nc3 d4 4. Bb5+ c6 5. Bc4 b5 6. Bb3 a5 7. a3 a4 8. Ba2 dxc3 9. bxc3 Nf6 10. c4 Nxe4 11. cxb5 cxb5 12. d3 Nc3 13. Qd2 Nxa2 14. Rxa2 Bd6 15. O-O O-O 16. Rb2 Bd7 17. Ng5 h6 18. Ne4 Qc7 19. Nxd6 Qxd6 20. g3 Nc6 21. Rxb5 Nd4 22. Rb4 Nf3+ 23. Kg2 Nxd2 24. Rd1 Qd5+ 25. Kg1 Nf3+ 26. Kf1 Nxh2+ 27. Kg1 Nf3+ 28.
Kf1 Rab8 29. Rxb8 Rxb8 30. Be3 Qh5 31. Rc1 Qh3+ 32. Ke2 Bc6 33. Ba7 Rb2 34. g4 Qxg4 35. Be3 Nd4+ 36. Kd2 Qe2+ 37. Kc3 Nb5+ 38. Kxb2 Bd5 39.
Rb1 Qh5 40. c4 Qe5+ 41. Kc2 Nxa3+ 42. Kd2 Nxb1+ 43. Kc2 a3 44. cxd5 a2 45. dxe6 a1=Q 46. exf7+ Kxf7 47. Kd1 Nc3+ 48. Kd2 Qb2+ 49. Ke1 Qh2 50.
Kf1 Qh1# 0-1

[Event "Live Chess"]
[Site "Chess.com"]
[Date "2023.05.20"]
[Round "-"]
[White "GMHarry-youtube"]
[Black "anatoliy10912"]
[Result "1-0"]
[WhiteElo "2075"]
[BlackElo "1547"]
[TimeControl "300"]
[EndTime "13:38:41 PDT"]
[Termination "GMHarry-youtube won by resignation"]

1. e4 e6 2. d4 d5 3. e5 c5 4. c3 Nc6 5. Nf3 Nge7 6. Be2 cxd4 7. O-O dxc3 8. Nxc3 Nf5 9. g4 Nh6 10. Bxh6 gxh6 11.
h3 Bg7 12. Bb5 Bd7 13. Qa4 Qc7 14. Rfd1 Nxe5 15. Nxe5 Bxe5 16. Nxd5 exd5 17. Bxd7+ Qxd7 18. Qxd7+ Kxd7 19. Rxd5+ Bd6 20. Rad1 Rad8 21. Rxd6+ Kc7 22. Rxd8 Rxd8 23. Rxd8 Kxd8 24. Kg2 Ke7 25. Kf3 Kd6 26. Ke4 Ke6 27. f4 h5 28. gxh5 f5+ 29. Kd4 Kd6 30.
b4 h6 31. a4 a6 32. a5 Ke6 33. Kc5 Kd7 34. Kb6 Kc8 35. Kc5 Kc7 36. Kd5 Kd7 37. Ke5 Kc6 38. Kxf5 Kb5 39. Kg6 Kxb4 40. f5 Kc5 41. f6 Kd6 42. f7 Ke7 43. Kg7 b6 44. f8=Q+ Ke6 45. axb6 1-0

[Event "Live Chess"]
[Site "Chess.com"]
[Date "2023.05.20"]
[Round "-"]
[White "JoshMcK"]
[Black "kevinmilleruk"]
[Result "1/2-1/2"]
[WhiteElo "1579"]
[BlackElo "1150"]
[TimeControl "300"]
[EndTime "13:39:01 PDT"]
[Termination "Game drawn by repetition"]

1. e4 e5 2. Nf3 Nc6 3. Bb5 d6 4. d4 Bd7 5. Bxc6 Bxc6 6. Nc3 Nf6 7. d5 Bd7 8. O-O Bg4 9. h3 Bxf3 10. Qxf3 Be7 11. a4 O-O 12. b4 h6 13. Ne2 a5 14.
b5 Qd7 15. c4 c6 16. Be3 cxd5 17. exd5 e4 18. Qg3 Rac8 19. Bxh6 Nh5 20. Qe3 gxh6 21.
Qxe4 Bf6 22. Nf4 Nxf4 23. Qxf4 Bxa1 24. Rxa1 Kh8 25. Qxh6+ Kg8 26. Qg5+ Kh7 27. Qh5+ Kg7 28. Qg5+ Kh7 29. Qh5+ Kg7 30. Qg5+ Kh7 1/2-1/2

[Event "Live Chess"]
[Site "Chess.com"]
[Date "2023.05.20"]
[Round "-"]
[White "raminguy"]
[Black "diana21strabt"]
[Result "0-1"]
[WhiteElo "1963"]
[BlackElo "1696"]
[TimeControl "300"]
[EndTime "13:39:06 PDT"]
[Termination "diana21strabt won by resignation"]

1. d4 Nf6 2. Nc3 g6 3. Bf4 d5 4.
e3 e6 5. h4 Bg7 6. Bd3 Nbd7 7. Nf3 c5 8. Nb5 Qa5+ 9. c3 O-O 10. h5 cxd4 11. exd4 Nxh5 12. Rxh5 gxh5 13. Ng5 f5 14. Qxh5 Nf6 15. Qh2 a6 16. Bc7 b6 17.
Na3 h6 18. Nf3 Ne8 19. Bf4 Rf6 20. O-O-O b5 21. Bc7 Qxc7 0-1

[Event "Live Chess"]
[Site "Chess.com"]
[Date "2023.05.20"]
[Round "-"]
[White "mliszewski"]
[Black "LiamClery2020"]
[Result "0-1"]
[WhiteElo "1878"]
[BlackElo "2091"]
[TimeControl "300"]
[EndTime "13:39:10 PDT"]
[Termination "LiamClery2020 won by resignation"]

1. d4 Nf6 2. Bg5 Ne4 3. h4 h6 4. Bf4 d5 5. e3 c5 6. c3 Nc6 7. Nd2 Nxd2 8. Qxd2 Bf5 9. Nf3 e6 10. Bd3 Bxd3 11. Qxd3 Bd6 12. Ne5 Bxe5 13. dxe5 Qc7 14.
Qb5 b6 15. Bg3 O-O 16. f4 Ne7 17. O-O Nf5 18. Bf2 a6 19. Qd3 Rad8 20. e4 dxe4 21. Qxe4 Rd2 22. Rad1 Rfd8 23. Rxd2 Rxd2 24. g4 Ne7 25.
Be3 Rxb2 26. f5 Qc6 27. Qxc6 Nxc6 28. fxe6 fxe6 29. g5 hxg5 30. Bxg5 Nxe5 31. Bf4 Ng6 32. h5 Nxf4 33. Rxf4 Rxa2 34. Re4 Rc2 35. Rxe6 b5 36. Rxa6 Rxc3 37. Kf1 b4 38. Ke1 b3 39.
Rb6 c4 40. Kd2 Rc2+ 41. Ke3 b2 42. Kd4 c3 43. Kd3 Rc1 0-1

[Event "Live Chess"]
[Site "Chess.com"]
[Date "2023.05.20"]
[Round "-"]
[White "JoeyCage"]
[Black "ProfPoisson"]
[Result "1-0"]
[WhiteElo "2309"]
[BlackElo "1120"]
[TimeControl "300"]
[EndTime "13:39:11 PDT"]
[Termination "JoeyCage won by resignation"]

1. e4 e5 2. Nf3 Nf6 3. Nxe5 Nxe4 4. Qe2 Qe7 5. Qxe4 d6 6. f4 dxe5 7. Qxe5 Qxe5+ 8. fxe5 Nc6 9. Bb5 Bd7 10. Bxc6 Bxc6 11. O-O O-O-O 12. c3 Be7 13. d4 f6 14. exf6 gxf6 15.
Nd2 Rhg8 16. Nf3 Rg7 17. Kf2 Rdg8 18. g3 h5 19. Bf4 Bd6 20. Bxd6 cxd6 21. Rae1 Bxf3 22.
Kxf3 Kd7 23. Rg1 d5 24. Rg2 Kd6 25. Ree2 b5 26. h3 a5 27. g4 hxg4+ 28. Rxg4 Rxg4 29. hxg4 b4 30. cxb4 axb4 31. a3 bxa3 32. bxa3 Ra8 33. Ra2 Ra4 34. Ke3 Rc4 35. a4 Kc6 36. a5 Kb7 37. a6+ Ka7 38. Ra3 Rc6 39. Kf4 Rc4 40.
Ke3 Rc6 41. Ra5 Re6+ 42. Kf3 Kb6 43. a7 Kxa5 44. a8=Q+ Kb4 45. Qxd5 1-0

[Event "Live Chess"]
[Site "Chess.com"]
[Date "2023.05.20"]
[Round "-"]
[White "Horseymobile"]
[Black "MrBlond89"]
[Result "1-0"]
[WhiteElo "1252"]
[BlackElo "1410"]
[TimeControl "300"]
[EndTime "13:39:15 PDT"]
[Termination "Horseymobile won by resignation"]

1. d4 d5 2. c4 e5 3. cxd5 Qxd5 4. Nc3 exd4 5. Nxd5 Be6 6. Nxc7+ Kd8 7. Nxa8 Bb4+ 8.
Bd2 Bxd2+ 9. Qxd2 Nf6 10. Qxd4+ Ke7 11. Qb4+ 1-0

[Event "Live Chess"]
[Site "Chess.com"]
[Date "2023.05.20"]
[Round "-"]
[White "Olisingapore"]
[Black "stevefairhurst"]
[Result "1-0"]
[WhiteElo "1878"]
[BlackElo "586"]
[TimeControl "300"]
[EndTime "13:39:19 PDT"]
[Termination "Olisingapore won by checkmate"]

1. d4 d5 2. c4 dxc4 3. Nf3 Nc6 4. e3 Nf6 5. Bxc4 Ne4 6. O-O Qd6 7. Ne5 Qh6 8. Bxf7+ Kd8 9. Nc3 Nxe5 10. dxe5+ Bd7 11. Nxe4 e6 12. Qd3 Kc8 13. Rd1 Be7 14. Qxd7+ Kb8 15.
Qxe7 Rc8 16. Bxe6 b6 17. Bd5 c6 18. Nd6 cxd5 19. Qb7# 1-0

[Event "Live Chess"]
[Site "Chess.com"]
[Date "2023.05.20"]
[Round "-"]
[White "1600x"]
[Black "Jeffaroow"]
[Result "1-0"]
[WhiteElo "1793"]
[BlackElo "468"]
[TimeControl "300"]
[EndTime "13:39:20 PDT"]
[Termination "1600x won by resignation"]

1. d3 d5 2. Nc3 Nf6 3. d4 c5 4. e3 Nc6 5. Nf3 Ne4 6. Bb5 Nxc3 7. bxc3 cxd4 8. exd4 Bd7 9. O-O a6 10. Bd3 e6 11. c4 dxc4 12. Bxc4 Bd6 13. d5 exd5 14. Qxd5 Be6 15. Qe4 O-O 16. Ng5 Qxg5 17. Bxg5 1-0

[Event "Live Chess"]
[Site "Chess.com"]
[Date "2023.05.20"]
[Round "-"]
[White "Trendle"]
[Black "Bob2pen"]
[Result "1-0"]
[WhiteElo "2673"]
[BlackElo "1802"]
[TimeControl "300"]
[EndTime "13:39:25 PDT"]
[Termination "Trendle won by resignation"]

1. d4 Nf6 2. Bf4 d6 3. Nc3 g6 4.
e4 Bg7 5. Qd2 O-O 6. O-O-O c6 7.
h4 b5 8. Bd3 b4 9. Nce2 Qa5 10.
Kb1 Be6 11. Nc1 c5 12. d5 Bd7 13. Bh6 Rc8 14. b3 Bb5 15. Bxg7 Kxg7 16. Qe2 c4 17.
bxc4 Ba4 18. Nb3 Bxb3 19. cxb3 Nbd7 20. f4 Nc5 21. Bc2 Qc7 22. e5 dxe5 23. fxe5 Nh5 24. Qe3 Kg8 25. g4 Ng7 26. h5 f6 27. Nf3 Rf8 28.
hxg6 fxe5 29. gxh7+ Kh8 30. Nxe5 Qd6 31. Ng6+ 1-0

[Event "Live Chess"]
[Site "Chess.com"]
[Date "2023.05.20"]
[Round "-"]
[White "Conradical12"]
[Black "birdseed45"]
[Result "0-1"]
[WhiteElo "1577"]
[BlackElo "1876"]
[TimeControl "300"]
[EndTime "13:39:31 PDT"]
[Termination "birdseed45 won by resignation"]

1. e4 c5 2. d4 cxd4 3. c3 dxc3 4. Nxc3 Nc6 5. f4 e6 6. Nf3 Bb4 7. Bc4 Bxc3+ 8. bxc3 Nge7 9. O-O O-O 10. Ng5 h6 11. Nf3 b6 12. Ba3 Re8 13. f5 exf5 14. exf5 Nxf5 15. Ne5 Rxe5 16. g4 Qg5 17. Qf3 Bb7 18. Rad1 Na5 19. Bxf7+ Kxf7 20. Rxd7+ Kg8 21. Rxb7 Nxb7 22.
Qxb7 Qxg4+ 23. Kh1 Rae8 24. Rg1 Qe4+ 25. Qxe4 Rxe4 26.
c4 Re2 0-1

[Event "Live Chess"]
[Site "Chess.com"]
[Date "2023.05.20"]
[Round "-"]
[White "DmitryVasliev"]
[Black "terrub10"]
[Result "1-0"]
[WhiteElo "1668"]
[BlackElo "725"]
[TimeControl "300"]
[EndTime "13:39:53 PDT"]
[Termination "DmitryVasliev won by checkmate"]

1. e4 e5 2. f4 exf4 3. Nf3 Nf6 4. e5 Ne4 5. d3 Nc3 6. Nxc3 d5 7. Be2 d4 8. Ne4 Bb4+ 9. c3 dxc3 10. bxc3 Bxc3+ 11. Nxc3 Bg4 12. d4 Bxf3 13. Bxf3 O-O 14. Bxb7 Qh4+ 15.
Kf1 f3 16. Qxf3 Nc6 17. Bxc6 Qxd4 18. Bxa8 Rxa8 19. Qxa8+ Qd8 20. Qxd8# 1-0

[Event "Live Chess"]
[Site "Chess.com"]
[Date "2023.05.20"]
[Round "-"]
[White "wot-not"]
[Black "omisoc"]
[Result "1-0"]
[WhiteElo "1517"]
[BlackElo "2142"]
[TimeControl "300"]
[EndTime "13:40:00 PDT"]
[Termination "wot-not won on time"]

1. d4 g6 2. e4 d6 3. Bc4 e6 4. Ne2 Bg7 5. O-O b6 6. c3 Ne7 7.
Bg5 h6 8. Bh4 Bb7 9. Nd2 Nd7 10.
d5 exd5 11. Bxd5 Bxd5 12. exd5 g5 13. Bg3 Nxd5 14. Nb3 N7f6 15. Ned4 Qd7 16. Re1+ Kf8 17.
Qc2 Ne7 18. Re2 Nfd5 19. Rae1 Bf6 20. Qd3 Kg7 21. Qf3 Bxd4 22. Nxd4 Rae8 23. h4 c5 24. Nc2 g4 25. Qd3 Nf6 26. Qxd6 Qxd6 27. Bxd6 Nf5 28. Rxe8 Rxe8 29. Rxe8 Nxe8 30. Bb8 a6 31.
Ba7 b5 32. Bxc5 Nxh4 33. Bd4+ Kg6 34. Nb4 a5 35. Nc6 a4 36. Ne5+ Kf5 37. Nxf7 h5 38.
Nh6+ Kg6 39. Ng8 Kf7 40. Nh6+ Kg6 41. Nxg4 hxg4 42. Bb6 Nf5 43. Ba5 Ned6 44. Bb4 Nc4 45. Bc5 Nxb2 46. a3 Nd1 47. Bb4 Kf6 48. Kf1 Ke5 49. Ke2 Nb2 50. Kd2 Nc4+ 51. Kc2 Ne7 52.
Kc1 Nd5 53. f3 1-0

[Event "Live Chess"]
[Site "Chess.com"]
[Date "2023.05.20"]
[Round "-"]
[White "WelshTiger"]
[Black "toog"]
[Result "1/2-1/2"]
[WhiteElo "2399"]
[BlackElo "2612"]
[TimeControl "300"]
[EndTime "13:40:29 PDT"]
[Termination "Game drawn - insufficient material"]

1. e4 e5 2. Nf3 d6 3. d4 exd4 4. Nxd4 Nf6 5. Nc3 Be7 6. g3 O-O 7. Bg2 Re8 8. O-O Bf8 9. h3 Nc6 10. Re1 Bd7 11. Be3 Nxd4 12. Bxd4 Bc6 13. Qd2 g6 14. Rad1 Bg7 15. Nd5 Bxd5 16. exd5 Nd7 17. c4 Bxd4 18. Qxd4 Qf6 19. Qxf6 Nxf6 20. f4 a5 21. Kf2 a4 22. Rxe8+ Rxe8 23. Re1 Kf8 24. Rxe8+ Kxe8 25. Ke3 Nd7 26. Kd4 Nc5 27. Bf3 Ke7 28.
Bd1 Kf6 29. b4 axb3 30. axb3 Na6 31. Bc2 Nb4 32. Bb1 b6 33. g4 h6 34. h4 g5 35. fxg5+ hxg5 36. h5 Kg7 37. Bf5 Na6 38.
Bc8 Nc5 39. b4 Nb3+ 40. Kc3 Nc1 41. Kd2 Nb3+ 42. Ke3 Nc1 43. Bf5 Na2 44. b5 Nc3 45. Bd3 Na4 46. Kd4 Nc5 47. Bf5 Kh6 48. Bc8 Nb3+ 49. Kc3 Nc5 50. Kd4 Kg7 51. Bf5 Nb7 52. Bc8 Nd8 53. Ke4 f6 54. Be6 Nb7 55. Kf5 Na5 56.
h6+ Kxh6 57. Kxf6 Nxc4 58. Ke7 Na3 59. Bd7 Kg6 60. Kd8 Kf6 61. Kxc7 Nc4 62. Bf5 Ke5 63. Kc6 Kd4 64. Bg6 Kc3 65. Bf5 Kd4 66. Bg6 Kc3 67. Be4 Kd4 68. Bg2 Kc3 69. Bf1 Ne3 70. Be2 Kd2 71.
Bf3 Nc4 72. Be4 Kc3 73. Bg2 Kd4 74. Bf1 Nd2 75. Be2 Ke3 76. Bd1 Nc4 77. Bb3 Na5+ 78. Kxb6 Nxb3 79. Kc6 Kd4 80. Kxd6 Na5 81. b6 Kc4 82.
Ke6 Kc5 83. d6 Kxb6 84. d7 Nc6 85. Kd6 Nd8 86. Ke7 Kc7 87. Kf6 Kxd7 88. Kxg5 Ke7 89. Kf5 Nf7 90. Kg6 Ne5+ 91. Kf5 Nxg4 1/2-1/2

[Event "Live Chess"]
[Site "Chess.com"]
[Date "2023.05.20"]
[Round "-"]
[White "GEMdzq"]
[Black "Leonid_Starozhilov"]
[Result "0-1"]
[WhiteElo "2225"]
[BlackElo "2643"]
[TimeControl "300"]
[EndTime "13:40:40 PDT"]
[Termination "Leonid_Starozhilov won by resignation"]

1. e4 Nf6 2. e5 Ng8 3. d4 d5 4. exd6 cxd6 5. Nf3 Nf6 6. Bc4 g6 7. Ng5 d5 8. Be2 Bg7 9. O-O Nc6 10. Be3 O-O 11. h3 h6 12. Nf3 Ne4 13. Nbd2 f5 14. c3 f4 15. Nxe4 dxe4 16. Bc4+ Kh8 17. Nh4 Qe8 18.
Bxf4 Rxf4 19. g3 Rxh4 20. gxh4 Bxh3 21. Re1 Bf5 22. Bd5 Qd7 23. Bxe4 Rf8 24. Qd3 Ne5 25. dxe5 Qxd3 26. Bxd3 Bxd3 27. Rad1 Bb5 28. Rd4 Rf5 29.
f4 g5 30. hxg5 hxg5 31. Rd8+ Kh7 32. fxg5 Rxg5+ 33. Kf2 Bxe5 34. Rh1+ Kg7 35. Rhh8 Bc4 36. b3 Be6 37. c4 Bf6 38. Rh2 Kf7 39. Rg2 Rf5+ 40.
Ke3 Bg5+ 41. Ke2 Kf6 42. Rf2 Rxf2+ 43. Kxf2 Bf5 44. Kf3 e5 45. Rd6+ Ke7 46. Rd5 e4+ 47. Kf2 Ke6 48. Rb5 b6 49. a4 e3+ 50. Kf3 Bg4+ 51.
Kxg4 e2 52. Kxg5 e1=Q 53. Kg4 Qe3 54. Kh5 a6 0-1

[Event "Live Chess"]
[Site "Chess.com"]
[Date "2023.05.20"]
[Round "-"]
[White "Jo1ts"]
[Black "LL220284LL"]
[Result "0-1"]
[WhiteElo "720"]
[BlackElo "2392"]
[TimeControl "300"]
[EndTime "13:40:49 PDT"]
[Termination "LL220284LL won by checkmate"]

1. d4 g6 2. Bf4 Bg7 3. e3 d6 4. Nf3 Nd7 5. Bd3 e5 6. Bg3 Qe7 7. Be2 Ngf6 8. c3 O-O 9. Nbd2 e4 10. Ng5 h6 11. Nh3 g5 12. Qc2 Nb6 13. f3 Bxh3 14.
gxh3 exf3 15. Nxf3 Qxe3 16. h4 Ne4 17. hxg5 Rae8 18.
gxh6 Bxh6 19. Ng1 Nc4 20. Rd1 Nxg3 21. hxg3 Qxg3+ 22. Kf1 Ne3# 0-1

[Event "Live Chess"]
[Site "Chess.com"]
[Date "2023.05.20"]
[Round "-"]
[White "kevinmilleruk"]
[Black "stevefairhurst"]
[Result "1-0"]
[WhiteElo "1151"]
[BlackElo "585"]
[TimeControl "300"]
[EndTime "13:41:03 PDT"]
[Termination "kevinmilleruk won by checkmate"]

1. c4 e5 2. Nc3 Nf6 3. g3 d6 4. Bg2 Bg4 5. d3 Nc6 6. Bg5 Nd4 7. Nf3 Nxf3+ 8. exf3 Bh5 9. Nd5 Nxd5 10. Bxd8 Kxd8 11. cxd5 Be7 12. O-O Re8 13. Qb3 a5 14. Qxb7 Kd7 15. Qc6+ Kc8 16. Qxe8+ Kb7 17. Qc6+ Kb8 18. g4 Bg6 19. Rac1 Bxd3 20. Qxc7# 1-0

[Event "Live Chess"]
[Site "Chess.com"]
[Date "2023.05.20"]
[Round "-"]
[White "WilliamofOrange16th"]
[Black "MarkLim1"]
[Result "0-1"]
[WhiteElo "1842"]
[BlackElo "1654"]
[TimeControl "300"]
[EndTime "13:41:07 PDT"]
[Termination "MarkLim1 won by resignation"]

1. e4 e6 2. f4 d5 3. e5 c5 4. Nf3 Nc6 5. c3 f6 6. Na3 Bd7 7. d4 cxd4 8. cxd4 Qb6 9. Nc2 Be7 10. Be2 Nh6 11. O-O Nf5 12. Kh1 fxe5 13. fxe5 O-O 14.
b3 Rac8 15. g4 Nh4 16. Nxh4 Bxh4 17. Be3 Be7 18. Bd3 Nb4 19. Nxb4 Qxb4 20. Qe2 Rc7 21. Rxf8+ Bxf8 22. Rf1 Be8 23. Bb1 Rf7 24. Rxf7 Bxf7 25. Qf2 Qc3 26. Kg2 Bg6 27. Bxg6 hxg6 28. h3 Qd3 29.
Kg3 Bb4 30. h4 Bc3 31. Kh2 Qe4 32. Kh3 a6 33. a4 Qb1 34. Bd2 Qxb3 35. Qe3 Qxa4 36.
Qxc3 Qb5 37. Qf3 Qc4 38. Be3 b5 39. g5 b4 40. Qg4 Qc6 41. Qd1 a5 42. Bd2 Qc4 43.
Be1 a4 44. Qxa4 Qf1+ 45. Kg4 Qxe1 46. Qe8+ Kh7 47. Qxe6 Qe4+ 48. Kg3 b3 49. Qb6 Qe3+ 50. Kg4 Qe2+ 51. Kf4 b2 52. h5 gxh5 53. g6+ Kh6 54. e6 Qf1+ 55. Ke3 b1=Q 56. e7 Qxb6 0-1

[Event "Live Chess"]
[Site "Chess.com"]
[Date "2023.05.20"]
[Round "-"]
[White "hturner40"]
[Black "chessfiction"]
[Result "1-0"]
[WhiteElo "1787"]
[BlackElo "2404"]
[TimeControl "300"]
[EndTime "13:41:14 PDT"]
[Termination "hturner40 won by resignation"]

1. Nf3 e6 2. g3 Nf6 3. Bg2 d5 4. O-O Bd6 5. d3 O-O 6. Nc3 c5 7. e4 dxe4 8. dxe4 Nc6 9. Nb5 Be7 10.
Bf4 Qb6 11. Nc7 Rb8 12. a4 e5 13. Nxe5 Qxc7 14. Nxc6 Qxc6 15. Bxb8 Bg4 16. f3 Rxb8 17.
fxg4 c4 18. Kh1 Nxe4 19. Qf3 Nf6 20. g5 Qxf3 21. Bxf3 Nd7 22. Bd5 Ne5 23. Rae1 Bd6 24. Rf5 Nc6 25. Rxf7 Kh8 26. Rxb7 Bb4 27. Bxc6 1-0

[Event "Live Chess"]
[Site "Chess.com"]
[Date "2023.05.20"]
[Round "-"]
[White "raminguy"]
[Black "JoshMcK"]
[Result "1-0"]
[WhiteElo "1965"]
[BlackElo "1577"]
[TimeControl "300"]
[EndTime "13:41:18 PDT"]
[Termination "raminguy won by resignation"]

1. d4 Nf6 2. Nc3 g6 3. Bf4 Bg7 4. e4 d6 5. Qd2 O-O 6. O-O-O Nbd7 7. Bh6 Bxh6 8. Qxh6 Ng4 9. Qf4 Ngf6 10. h3 Qe8 11. Qh6 e5 12. Nf3 exd4 13. Rxd4 Ne5 14. Ng5 Nc6 15. Rd1 Ne5 16. f4 Nc6 17. Re1 b6 18.
Nd5 1-0

[Event "Live Chess"]
[Site "Chess.com"]
[Date "2023.05.20"]
[Round "-"]
[White "Supertromp"]
[Black "ViktorTheCoolBoy"]
[Result "1/2-1/2"]
[WhiteElo "2191"]
[BlackElo "2497"]
[TimeControl "300"]
[EndTime "13:41:21 PDT"]
[Termination "Game drawn - insufficient material"]

1. e4 c5 2. Nf3 Nc6 3. Bb5 e6 4. Bxc6 bxc6 5. O-O Ne7 6. h4 h5 7. d3 Ng6 8. Nc3 Nxh4 9. Nxh4 Qxh4 10. Be3 Bd6 11.
f4 Qg3 12. Qd2 h4 13. e5 Be7 14. Ne4 Qg4 15. Bxc5 Bxc5+ 16. Nxc5 h3 17. Ne4 d5 18. exd6 f5 19. Ng5 c5 20. Rae1 Bb7 21. Rxe6+ Kf8 22. Rfe1 hxg2 23. Kf2 g1=Q+ 24. Rxg1 Rh2+ 25. Kf1 Qxg1+ 26. Kxg1 Rxd2 27. Re5 Re8 28. d7 Rd8 29. Ne6+ Ke7 30. Nxc5+ Kf6 31. Re8 Rxd7 32. Nxd7+ Kf7 33. Re5 Rxc2 34.
Rxf5+ Ke6 35. Rb5 Bc6 36. Nc5+ Kf7 37. Ra5 Rxb2 38. Rxa7+ Kf6 39. a4 Kf5 40. Rxg7 Kxf4 41. a5 Ke3 42. Re7+ Kd4 43. Ne6+ Kxd3 44. Nf4+ Kd4 45. Re2 Rb1+ 46. Kf2 Ra1 47. Ne6+ Kd5 48. Nf4+ Kd6 49. Re6+ Kc5 50. Ne2 Rxa5 51. Re5+ Bd5 52.
Nc3 Kd4 53. Rxd5+ Rxd5 54. Nxd5 1/2-1/2

[Event "Live Chess"]
[Site "Chess.com"]
[Date "2023.05.20"]
[Round "-"]
[White "Ferrarifan27"]
[Black "Long1968"]
[Result "1-0"]
[WhiteElo "2061"]
[BlackElo "1079"]
[TimeControl "300"]
[EndTime "13:41:42 PDT"]
[Termination "Ferrarifan27 won on time"]

1. e4 e6 2. d4 d5 3. Nc3 Nf6 4. Bg5 Be7 5. e5 Nfd7 6. h4 h6 7. Bxe7 Qxe7 8. Nf3 f6 9. exf6 Nxf6 10. Bd3 O-O 11. Ne5 Rf7 12. Nxf7 Qxf7 13. Qe2 Nc6 14. O-O-O Bd7 15. Nb5 a6 16. Nxc7 Rc8 17. Nxa6 bxa6 18. Bxa6 Nb4 19. Bd3 Bb5 20. Bxb5 Rxc2+ 21. Qxc2 Nxc2 22.
Kxc2 Qc7+ 23. Kb1 Ne4 24. Rhf1 Qb6 25. a4 Nd6 26. Rfe1 Nc4 27. Bxc4 dxc4 28. Rc1 Qxd4 29.
Rxe6 Qxf2 30. Rc6 Qxg2 31. R6xc4 Qf3 32. Ka2 1-0

[Event "Live Chess"]
[Site "Chess.com"]
[Date "2023.05.20"]
[Round "-"]
[White "fso"]
[Black "Bot_Boy"]
[Result "1-0"]
[WhiteElo "2262"]
[BlackElo "324"]
[TimeControl "300"]
[EndTime "13:41:43 PDT"]
[Termination "fso won on time"]

1. e4 Nc6 2. Nf3 e5 3. Nc3 Nf6 4.
Nxe5 Nxe5 5. d4 Nc6 6. d5 Ne7 7.
e5 Nfg8 8. d6 Nc6 9. Nb5 cxd6 10. exd6 Bxd6 11. Nxd6+ Kf8 12. Be3 Nf6 13. Bc5 Kg8 14.
Bc4 Ne5 15. O-O Nxc4 16. Nxc4 h5 17. Nd6 b6 18. Bd4 Qc7 19. Bxf6 gxf6 20. Re1 Kh7 21. Qxh5+ 1-0

[Event "Live Chess"]
[Site "Chess.com"]
[Date "2023.05.20"]
[Round "-"]
[White "domrobson"]
[Black "luckywookie"]
[Result "1-0"]
[WhiteElo "1763"]
[BlackElo "744"]
[TimeControl "300"]
[EndTime "13:41:45 PDT"]
[Termination "domrobson won on time"]

1. d4 d5 2. c4 c6 3. Nf3 Nf6 4. Nc3 e6 5. Bg5 Nbd7 6. e3 Qa5 7. Bxf6 Nxf6 8. Nd2 Bb4 9. Qb3 Bxc3 10. bxc3 O-O 11.
Bd3 b6 12. O-O Ba6 13. Qc2 b5 14. cxb5 Bxb5 15. Nb3 Bxd3 16. Qxd3 Qb5 17. Qxb5 cxb5 18. a4 Rab8 19. axb5 Rxb5 20. Nc5 Rfb8 21. Rxa7 Rb1 22. Ra1 Rxf1+ 23. Kxf1 h5 24. Ke2 g5 25. h3 h4 26.
Kd3 Rb2 27. Rf1 Kf8 28. g3 g4 29. gxh4 gxh3 30. Rh1 Rxf2 31. Rxh3 Ng4 32. Rf3 Rxf3 33. c4 Rh3 34. cxd5 exd5 35. Ke2 Rxe3+ 36. Kd2 Rh3 37. h5 Rxh5 38. Nb7 Ke7 39. Nc5 Kd6 40. Ke2 Kc6 41.
Kf3 Kb6 42. Kxg4 Kb5 43. Kxh5 f6 44. Kg6 Kc4 45. Ne6 f5 46. Kxf5 Kd3 47. Ke5 Ke3 48.
Nf4 Kf3 49. Nxd5 1-0

[Event "Live Chess"]
[Site "Chess.com"]
[Date "2023.05.20"]
[Round "-"]
[White "parcellforce"]
[Black "chrisbradgate"]
[Result "1-0"]
[WhiteElo "1384"]
[BlackElo "847"]
[TimeControl "300"]
[EndTime "13:41:46 PDT"]
[Termination "parcellforce won by checkmate"]

1. d4 d5 2. c4 dxc4 3. e3 Nf6 4. Bxc4 Bg4 5. Be2 Bxe2 6. Qxe2 Nc6 7. Nf3 h6 8. Nc3 e6 9. O-O a6 10. a3 Qd6 11. Qc2 O-O-O 12. Rd1 Ng4 13. Ne4 Qd7 14. h3 Nf6 15. Nxf6 gxf6 16. b4 Rg8 17. Bb2 Be7 18. Rd2 f5 19. Rad1 f6 20. e4 fxe4 21. Qxe4 f5 22. Qc2 f4 23. Ne5 Nxe5 24. dxe5 Qe8 25. Rxd8+ Qxd8 26. Rxd8+ Rxd8 27. Qe4 Rf8 28. f3 Kb8 29.
Qc4 Bg5 30. Qxe6 Rd8 31. h4 Rd1+ 32. Kh2 Bxh4 33. Qxh6 Bg3+ 34. Kh3 Rh1+ 35. Kg4 Rxh6 36. Kf5 Bh2 37. e6 Rh5+ 38. Kf6 Rh7 39. e7 Bg1 40.
e8=Q+ Ka7 41. Qe4 Rh6+ 42. Kf5 Rh5+ 43. Kg4 Rh8 44. Bxh8 Bb6 45. Bd4 Bxd4 46. Qxd4+ b6 47. Kxf4 Kb7 48. g4 a5 49. g5 axb4 50. axb4 b5 51.
g6 c6 52. g7 Ka6 53. g8=Q c5 54. Qe6+ Kb7 55. Qdd7+ Kb8 56. Qee8# 1-0

[Event "Live Chess"]
[Site "Chess.com"]
[Date "2023.05.20"]
[Round "-"]
[White "Vitalii18a"]
[Black "ameetghasi100"]
[Result "0-1"]
[WhiteElo "1101"]
[BlackElo "2686"]
[TimeControl "300"]
[EndTime "13:41:48 PDT"]
[Termination "ameetghasi100 won by resignation"]

1. e4 c5 2. c3 e6 3. Nf3 Nf6 4. d3 Nc6 5. Be2 d6 6. O-O h6 7. Re1 g5 8. h3 Bg7 9. Rf1 Rg8 10. Re1 Bh8 11. Na3 a6 12. Nc4 b5 13. Ncd2 Bb7 14. Nb3 Qc7 15. d4 Nxe4 16. dxc5 d5 17. Nbd4 Nxc5 18. Nxc6 Bxc6 19. b4 Ne4 20. Ne5 Bxe5 21.
f3 Nxc3 22. Qc2 Nxe2+ 23. Qxe2 Bxa1 24. Bd2 Bd4+ 25. Kh1 h5 26. Bxg5 Rxg5 27. f4 Qxf4 28.
Rf1 Qg3 0-1

[Event "Live Chess"]
[Site "Chess.com"]
[Date "2023.05.20"]
[Round "-"]
[White "whitedjohn"]
[Black "tehanu"]
[Result "1-0"]
[WhiteElo "1651"]
[BlackElo "1120"]
[TimeControl "300"]
[EndTime "13:41:51 PDT"]
[Termination "whitedjohn won on time"]

1. e4 Nf6 2. e5 Nd5 3. d4 d6 4. f4 g6 5. Nf3 Bg7 6. c3 O-O 7. Bd3 Nc6 8. O-O dxe5 9. fxe5 f6 10.
exf6 exf6 11. c4 Ndb4 12. d5 Nxd3 13. Qxd3 Ne5 14. Nxe5 fxe5 15. Rxf8+ Qxf8 16. Nc3 Qc5+ 17.
Be3 Qd6 18. Nb5 Qd8 19. Nxa7 Bf5 20. Qb3 c6 21. dxc6 bxc6 22. Nxc6 Qc7 23. Nb4 Rb8 24. Qc3 e4 25. Qb3 Be6 26. Rc1 Qe7 27. a3 Rc8 28. Nd5 Qd6 29. Qb5 Bxd5 30. Qxd5+ Qxd5 31. cxd5 Rxc1+ 32. Bxc1 e3 33. Bxe3 Bxb2 34. a4 Bc3 35. Kf2 Kf7 36. Ke2 Kf6 37. Kd3 Ba5 38. Kc4 Ke5 39.
Kc5 Bc3 40. Kc6 Be1 41. d6 Bb4 42. d7 Ba5 43. Kb7 Bd8 44. Bb6 1-0

[Event "Live Chess"]
[Site "Chess.com"]
[Date "2023.05.20"]
[Round "-"]
[White "GMHarry-youtube"]
[Black "SirEntrails"]
[Result "1-0"]
[WhiteElo "2075"]
[BlackElo "535"]
[TimeControl "300"]
[EndTime "13:41:52 PDT"]
[Termination "GMHarry-youtube won by checkmate"]

1. e4 d5 2. exd5 Nf6 3. d4 Qxd5 4. Nf3 Ne4 5. c4 Qa5+ 6. Nbd2 Nxd2 7. Bxd2 Qf5 8. Bc3 e6 9. Bd3 Qg4 10. h3 Qxg2 11.
Rg1 Qxh3 12. Rg3 Qh1+ 13. Bf1 Bd6 14. Rxg7 e5 15. dxe5 Bc5 16. Qd5 b6 17. Qxf7+ Kd8 18. O-O-O+ Nd7 19. Rxd7+ Bxd7 20. Qxd7# 1-0